Map: New Repugnancy LE

Players

llllllllllll (Stats)

  • Race: Protoss Protoss
  • League: Grandmaster
  • Spawn Location: 7:00

soO - Winner!

  • Race: Zerg Zerg
  • Spawn Location: 1:00

Event: HomeStory Cup XIX

VOD

Have the link to the VOD?

Description

Time

  • Played on: June 30, 2019, 9:44 a.m.
  • Length: 8:55

All games in this series

Show
View Real Time Build Order
Export as new Build Order

llllllllllll Protoss 

Build Orders:  

Get SALT Encoding   

  12  0:00  Probe  
  13  0:12  Probe  
  14  0:19  Pylon  
  14  0:24  Probe  
  15  0:33  Probe  
  15  0:41  Probe  
  16  0:44  Gateway  
  16  0:46  Assimilator  
  17  0:51  Probe  
  18  1:03  Probe  
  19  1:15  Probe  
  20  1:22  Pylon  
  20  1:24  Zealot  
  20  1:27  Probe  
  23  1:34  Cybernetics Core  
  23  1:40  Probe  
  24  1:52  Probe  
  25  2:00  Adept  
  25  2:04  Probe  
  28  2:17  Warp Gate  
  28  2:20  Probe  
  28  2:21  Assimilator  
  29  2:24  Nexus  
  31  2:39  Probe  
  31  2:41  Pylon  
  30  2:45  Robotics Facility  
  30  2:51  Probe  
  31  3:03  Probe  
  32  3:13  Stalker  
  32  3:15  Probe  
  35  3:25  Gateway  
  35  3:27  Probe  
  35  3:31  Warp Prism  
  35  3:32  Probe  
  38  3:35  Probe  
  38  3:40  Probe  
  40  3:43  Probe  
  40  3:44  Sentry  
  44  3:50  Probe  
  44  3:54  Probe  
  46  4:00  Immortal  
  46  4:02  Probe  
  47  4:05  Pylon  
  47  4:06  Probe  
  48  4:16  Assimilator  
  52  4:17  Probe, Pylon  
  52  4:18  Probe  
  54  4:24  Gateway  
  54  4:25  Adept  
  54  4:26  Sentry  
  54  4:31  Immortal  
  58  4:32  Gateway  
  62  4:55  Sentry x2  
  62  4:57  Gateway x2  
  64  5:04  Immortal  
  64  5:08  Pylon  
  68  5:15  Probe  
  68  5:16  Gateway  
  69  5:29  Pylon  
  69  5:30  Adept  
  71  5:35  Sentry  
  71  5:36  Zealot, Sentry  
  71  5:39  Observer  
  77  5:45  Assimilator  
  77  5:46  Pylon  
  77  5:47  Probe  
  77  5:48  Probe  
  80  6:03  Zealot  
  80  6:04  Zealot x2  
  86  6:06  Pylon  
  86  6:07  Zealot x3, Pylon  
  92  6:11  Probe  
  92  6:15  Pylon  
  93  6:31  Zealot x6  
  105  6:34  Zealot  
  107  6:47  Forge, Twilight Council  
  93  7:11  Zealot x7  
  95  7:32  Sentry x2  
  95  7:33  Zealot x3  
  95  7:36  Zealot x2, Immortal  
  68  7:56  Templar Archives  
  64  8:00  Sentry x2  
  64  8:01  Sentry x4  
  64  8:02  Zealot  
  76  8:09  Immortal  
  72  8:33  Stalker x2  
  72  8:34  Stalker x3  
  78  8:35  Stalker  
Show
View Real Time Build Order
Export as new Build Order

soO Zerg - Winner!

Build Orders: 3 Hatch before Pool 

Get SALT Encoding   

  12  0:00  Drone  
  13  0:12  Overlord  
  13  0:17  Drone  
  14  0:30  Drone x2  
  14  0:34  Drone  
  17  0:52  Hatchery  
  17  0:55  Drone  
  17  0:59  Drone  
  18  1:19  Hatchery  
  18  1:22  Drone  
  19  1:25  Drone  
  19  1:36  Extractor  
  18  1:40  Spawning Pool  
  18  1:44  Drone  
  18  1:47  Drone  
  18  1:50  Drone  
  20  2:06  Drone  
  20  2:07  Drone  
  22  2:15  Hatchery  
  23  2:22  Drone  
  23  2:24  Drone  
  23  2:27  Queen x2  
  28  2:30  Extractor  
  28  2:31  Zergling x2  
  28  2:34  Extractor  
  28  2:36  Zergling x2  
  28  2:40  Overlord  
  29  2:49  Metabolic Boost  
  29  3:00  Zergling x6  
  29  3:01  Drone  
  29  3:02  Drone  
  33  3:05  Queen  
  35  3:13  Overlord  
  35  3:26  Queen  
  35  3:27  Overlord, Drone  
  38  3:30  Drone  
  38  3:32  Drone x2  
  41  3:40  Drone x2  
  43  3:44  Drone  
  43  3:45  Drone  
  45  3:49  Overlord  
  45  3:50  Drone x3  
  48  3:55  Drone  
  48  3:58  Overlord  
  48  4:02  Drone x2  
  51  4:09  Extractor x2  
  49  4:11  Drone  
  49  4:12  Roach Warren  
  49  4:13  Drone x2  
  51  4:17  Drone x3  
  51  4:23  Drone  
  51  4:24  Zergling x6  
  58  4:30  Overlord  
  58  4:35  Overlord  
  58  4:45  Queen  
  60  4:46  Drone  
  60  4:47  Drone  
  60  4:52  Drone x3  
  64  4:56  Lair  
  64  4:58  Drone  
  64  4:59  Drone x5  
  70  5:00  Drone  
  70  5:05  Roach  
  70  5:06  Roach  
  75  5:08  Roach  
  75  5:10  Roach  
  75  5:12  Overlord  
  79  5:19  Overlord  
  78  5:22  Roach  
  78  5:23  Spine Crawler  
  78  5:26  Roach  
  78  5:27  Overlord  
  81  5:32  Zergling x2, Roach x3  
  88  5:36  Ravager  
  88  5:37  Overlord  
  88  5:39  Ravager x2  
  88  5:40  Ravager  
  92  5:44  Ravager  
  92  5:45  Roach  
  92  5:46  Zergling x6  
  98  5:53  Drone  
  98  5:54  Extractor, Drone x2  
  98  5:56  Glial Reconstitution  
  100  5:58  Zergling x8  
  104  6:06  Zergling x14  
  104  6:10  Overseer  
  111  6:13  Roach  
  111  6:14  Overlord  
  111  6:17  Overlord  
  111  6:18  Overlord  
  113  6:22  Ravager  
  113  6:26  Overlord  
  113  6:28  Overlord  
  113  6:30  Overlord  
  113  6:33  Overlord  
  113  6:35  Overlord  
  113  6:37  Roach x4  
  121  6:42  Roach x2  
  125  6:48  Roach x3  
  131  6:56  Roach x4  
  131  6:58  Overseer  
  131  7:00  Roach x3  
  140  7:08  Roach x4  
  132  7:17  Roach x5  
  135  7:23  Roach  
  135  7:25  Roach x3  
  135  7:27  Roach  
  135  7:28  Roach  
  140  7:32  Roach  
  140  7:34  Roach  
  132  7:37  Roach x2  
  132  7:41  Roach x2  
  132  7:43  Roach  
  125  7:47  Roach  
  125  7:49  Roach  
  117  7:52  Roach  
  117  7:57  Roach  
  121  7:59  Extractor  
  121  8:01  Ravager  
  121  8:02  Roach  
  123  8:07  Hatchery  
  123  8:09  Roach x3  
  128  8:18  Roach x2  
  132  8:21  Roach x2  
  131  8:32  Roach x3  
Tags
 
Add a new tag
Caveats
  • Supply blocks, unpowered buildings, or Contaminate may cause inaccurate times.
  • Supply counts are checked every 10 seconds.